cohdb
Replays
Latest Replays
All Replays
Popular Replays
Top Player Replays
Match Explorer
How It Works
Community
CoH3 Stats
Reddit
Sign in to upload your games and track your stats! →
Sign in with Steam
Match 43893407
Unlisted
Match 43893407
Overview
Messages
Build Orders
End
Selects Italian Coastal Battlegroup
Selects Coastal Reserves
Coastal Reserve
Kettenkrad Recon Vehicle
Construct Infanterie Kompanie
GrW 34 Mortar Team
GrW 34 Mortar Team
Coastal Reserve
Construct Panzergrenadier Kompanie
MG 42 Machine Gun Team
251 Medium Carrier
Selects Designate Defensive Line
Selects Rapid Fortifications
iShootMedics
BaconXL
10bones88
SASU
JT
冲锋大哥
0
0
Comments
sign in to comment!
No comments posted yet!